 Dungeon Crawl Stone Soup version 0.23.0 (webtiles) character file.

Game seed: 5026960754605599397

38 tidbits the Charmwright (level 3, -8/31 HPs)
             Began as a Gnoll Skald on Feb 14, 2019.
             Killed by nerve-wracking pain
             ... invoked by Grinder
              (14 damage)
             ... while paralysed by Grinder
             ... on level 3 of the Dungeon.
             The game lasted 00:03:47 (364 turns).

tidbits the Charmwright (Gnoll Skald)                Turns: 364, Time: 00:03:47

Health: -8/31      AC:  3    Str: 13    XL:     3   Next: 43%
Magic:  5/9        EV:  2    Int: 16    God:
Gold:   52         SH:  0    Dex: 14    Spells: 1/12 levels left

rFire    . . .     SeeInvis .   a - +0 spear
rCold    . . .     Gourm    .   (no shield)
rNeg     . . .     Faith    .   b - +0 leather armour
rPois    .         Spirit   .   (no helmet)
rElec    .         Reflect  .   (no cloak)
rCorr    .         Harm     .   (no gloves)
MR       .....                  (no boots)
Stlth    +.........             (no amulet)
HPRegen  0.10/turn              (no ring)
MPRegen  0.11/turn              (no ring)

@: paralysed, hasted
A: distributed training, fangs 1, strong nose
a: no special abilities


You were on level 3 of the Dungeon.
You were full.

You visited 1 branch of the dungeon, and saw 4 of its levels.

You collected 52 gold pieces.

Inventory:

Hand Weapons
 a - a +0 spear (weapon)
 g - a +0 long sword
Armour
 b - a +0 leather armour (worn)
 c - a +0 ring mail
Scrolls
 e - a scroll of remove curse {unknown}
 f - a scroll of magic mapping {unknown}
 i - a scroll of fog {unknown}
 j - 2 scrolls of identify {unknown}
 k - a scroll of teleportation {unknown}
Potions
 l - a potion of agility {unknown}
Comestibles
 d - 5 rations


   Skills:
 + Level 4.5 Fighting
 + Level 0.7 Short Blades
 + Level 0.7 Long Blades
 + Level 0.7 Axes
 + Level 0.7 Maces & Flails
 + Level 4.5 Polearms
 + Level 0.7 Staves
 + Level 0.7 Slings
 + Level 0.7 Bows
 + Level 0.7 Crossbows
 + Level 0.7 Throwing
 + Level 2.6 Armour
 + Level 4.5 Dodging
 + Level 0.7 Stealth
 + Level 0.7 Shields
 + Level 0.7 Unarmed Combat
 + Level 5.0 Spellcasting
 + Level 0.5 Conjurations
 + Level 0.5 Hexes
 + Level 5.4 Charms
 + Level 0.5 Summonings
 + Level 0.5 Necromancy
 + Level 0.5 Translocations
 + Level 0.5 Transmutations
 + Level 0.5 Fire Magic
 + Level 0.5 Ice Magic
 + Level 0.5 Air Magic
 + Level 0.5 Earth Magic
 + Level 0.5 Poison Magic
 + Level 0.9 Invocations
 + Level 0.7 Evocations


You had one spell level left.
You knew the following spells:

 Your Spells              Type           Power        Failure   Level  Hunger
g - Shroud of Golubria    Chrm/Tloc      ##........   9%          2    #......
i - Infusion              Chrm           ###.         1%          1    None
r - Regeneration          Chrm/Necr      ##........   17%         3    ###....
w - Spectral Weapon       Hex/Chrm       ##......     17%         3    ###....
y - Song of Slaying       Chrm           ###.....     3%          2    #......

Your spell library contained the following spells:

 Spells                   Type           Power        Failure   Level  Hunger


Dungeon Overview and Level Annotations

Branches:
Dungeon (4/15)
 Temple: D:4-7

Altars:

Annotations:
D:3 Grinder


Innate Abilities, Weirdness & Mutations

Your experience applies equally to all skills.
You have very sharp teeth.
Your uncanny sense of smell can sniff out nearby items.


Message History

Casting: Spectral Weapon (safe; 17% risk of failure)
Confirm with . or Enter, or press ? or * to list all spells.
You draw out your weapon's spirit!
You hit the giant cockroach.
The giant cockroach is severely wounded.
Your spectral weapon completely misses the giant cockroach.
The giant cockroach bites you but does no damage.
You hit the giant cockroach.
You kill the giant cockroach!
You swap places.
You see here a scroll labeled KOMEAFR CAOHE.
k - a scroll labeled KOMEAFR CAOHE
Found a brown potion.
A ball python comes into view.
Found an escape hatch in the ceiling.
Unknown command.
Your spectral weapon fades away.
You see here a brown potion.
l - a brown potion The ball python hisses angrily.
Wield which item (- for none, * to show all)? (? for menu, Esc to quit)
You don't have any such object.
Wield which item (- for none, * to show all)? (? for menu, Esc to quit)
Okay, then.
Casting: Spectral Weapon (safe; 17% risk of failure)
Confirm with . or Enter, or press ? or * to list all spells.
You draw out your weapon's spirit!
The ball python barely misses you. The ball python grabs you.
The ball python constricts you.
You hit the ball python.
You kill the ball python!
Grinder comes into view.
Grinder shouts!
You hear a shout!
Casting: Spectral Weapon (safe; 17% risk of failure)
Confirm with . or Enter, or press ? or * to list all spells.
Space distorts slightly along a thin shroud covering your body.
It was a potion of haste.
You feel yourself speed up. Grinder gestures at you.
You resist with significant effort.
Unknown command.
Found a quarterstaff.
There is an escape hatch in the ceiling here.
You barely miss Grinder.
Your spectral weapon closely misses Grinder.
Grinder barely misses you.
You hit Grinder but do no damage.
Your spectral weapon hits Grinder from afar.
You hit Grinder.
Grinder is lightly wounded.
Your spectral weapon misses Grinder.
Grinder hits you.
You writhe in agony.
Your shroud falls apart!
Unknown command.
You hit Grinder but do no damage.
Grinder is lightly wounded.
Your spectral weapon hits Grinder from afar.
Grinder gestures at you. Pain shoots through your body!
* * * LOW HITPOINT WARNING * * *
Unknown command.
You closely miss Grinder.
Grinder is moderately wounded.
Your spectral weapon misses Grinder.
Unknown command.
You hit Grinder. You bite Grinder, but do no damage.
Grinder is moderately wounded.
Your spectral weapon hits Grinder from afar.
Grinder barely misses you.
You hit Grinder.
Grinder is heavily wounded.
Your spectral weapon closely misses Grinder.
You barely miss Grinder. You bite Grinder, but do no damage.
Grinder is heavily wounded.
Your spectral weapon barely misses Grinder.
Grinder barely misses you.
You hit Grinder but do no damage.
Grinder is heavily wounded.
Your spectral weapon hits Grinder from afar.
You hit Grinder but do no damage.
Grinder is severely wounded.
Your spectral weapon hits Grinder from afar.
Grinder hits you but does no damage.
You closely miss Grinder.
Grinder is severely wounded.
Your spectral weapon closely misses Grinder.
You hit Grinder.
Grinder is almost dead.
Your spectral weapon barely misses Grinder.
Grinder gestures at you.
You suddenly lose the ability to move!
A kobold comes into view. It is wielding a +0 dagger.
Grinder gestures at you.
You shrug off the repeated paralysis!
Grinder hits you.
* * * LOW HITPOINT WARNING * * *
A kobold comes into view.
Grinder hits you.
* * * LOW HITPOINT WARNING * * *
Your spectral weapon fades away.
Grinder gestures at you. Pain shoots through your body!
You die...

#.# #...##..# #.#
#.# #...##..# #.#
#.# ###.##..##.#.#
#.# #<#.##.....#.#
#.###.#.##.#####.#
#.....#
#.#####.###.####
#######
#...............
#######.###.####
#......@#
#......5#
#........
#........)
#.......K..
#...........
#.....K....##
#..........#


You could see Grinder and 2 kobolds.

Vanquished Creatures
  2 adders
  A worm (D:2)
  A dart slug (D:2)
  A leopard gecko (D:1)
  A ball python (D:3)
  A giant cockroach (D:3)
  3 hobgoblins
  3 kobolds
  A frilled lizard (D:1)
  2 rats
16 creatures vanquished.

Notes
Turn   | Place    | Note
-------+----------+-------------------------------------------
     0 | D:1      | tidbits the Gnoll Skald began the quest for the Orb.
     0 | D:1      | Reached XP level 1. HP: 20/20 MP: 6/6
    85 | D:2      | Reached XP level 2. HP: 26/26 MP: 0/7
    89 | D:2      | Learned a level 2 spell: Song of Slaying
    92 | D:2      | Learned a level 2 spell: Shroud of Golubria
   219 | D:2      | Reached XP level 3. HP: 28/31 MP: 5/9
   224 | D:2      | Learned a level 3 spell: Regeneration
   228 | D:2      | Learned a level 3 spell: Spectral Weapon
   283 | D:3      | Reached skill level 5 in Spellcasting
   341 | D:3      | Noticed Grinder
   360 | D:3      | Paralysed by Grinder for 5 turns
   363 | D:3      | HP: 6/31 [Grinder (3)]
   364 | D:3      | Killed from afar by Grinder

Skill      XL: |  1  2  3 |
---------------+----------+-----
Spellcasting   | 5 |  5.0
Fighting       | |  4.5
Short Blades   | |  0.7
Long Blades    | |  0.7
Axes           | |  0.7
Maces & Flails | |  0.7
Polearms       | |  4.5
Staves         | |  0.7
Slings         | |  0.7
Bows           | |  0.7
Crossbows      | |  0.7
Throwing       | |  0.7
Armour         | |  2.6
Dodging        | |  4.5
Stealth        | |  0.7
Shields        | |  0.7
Unarmed Combat | |  0.7
Conjurations   | |  0.5
Hexes          | |  0.5
Charms         | |  5.4
Summonings     | |  0.5
Necromancy     | |  0.5
Translocations | |  0.5
Transmutations | |  0.5
Fire Magic     | |  0.5
Ice Magic      | |  0.5
Air Magic      | |  0.5
Earth Magic    | |  0.5
Poison Magic   | |  0.5
Invocations    | |  0.9
Evocations     | |  0.7

Action                   || total
-------------------------++-------
Melee: Spear             ||    53
       Bite              ||     5
 Cast: Infusion          ||     6
       Spectral Weapon   ||     3
       Shroud of Golubri ||     1
  Use: Potion            ||     1
 Stab: Sleeping          ||     2
  Eat: Ration            ||     1
Armor: Leather armour    ||     3
Dodge: Dodged            ||    17

Table legend:
 A = Turns spent in this place as a percentage of turns spent in the entire game.
 B = Non-inter-level travel turns spent in this place as a percentage of non-inter-level travel turns spent in the entire game.
 C = Inter-level travel turns spent in this place as a percentage of turns spent in this place.
 D = Turns resting spent in this place as a percentage of non-inter-level travel turns spent in this place.
 E = Turns spent auto-exploring this place as a percentage of non-inter-level travel turns spent in this place.
 F = Non-inter-level travel turns spent in this place divided by the number of levels of this place that you've seen.
                   A       B       C       D       E      F
               +-------+-------+-------+-------+-------+----------------------
         Total | 100.0 | 100.0 |   0.0 |   0.0 |   0.0 |  91.0
       Dungeon | 100.0 | 100.0 |   0.0 |   0.0 |   0.0 |  91.0
               +-------+-------+-------+-------+-------+----------------------

Table legend:
 A = Kills in this place as a percentage of kills in entire the game.
 B = Kills by you in this place as a percentage of kills by you in the entire game.
 C = Kills by friends in this place as a percentage of kills by friends in the entire game.
 D = Other kills in this place as a percentage of other kills in the entire game.
 E = Experience gained in this place as a percentage of experience gained in the entire game.
 F = Experience gained in this place divided by the number of levels of this place that you have seen.
                   A       B       C       D       E      F
               +-------+-------+-------+-------+-------+----------------------
         Total | 100.0 | 100.0 |   N/A |   N/A | 100.0 |  13.8
       Dungeon | 100.0 | 100.0 |   N/A |   N/A | 100.0 |  13.8
               +-------+-------+-------+-------+-------+----------------------

Levels and vault maps discovered:
D:1:      roderic_crossed_star, layout_basic
D:2:      layout_rooms, uniq_terence, uniq_crazy_yiuf_cottage
D:3:      layout_basic, old_standard_altar, uniq_grinder
D:4:      layout_basic
